 Dungeon Crawl Stone Soup version 0.30-b1-5-g8e6c1be481 (webtiles) character file.

Game seed: 7376591219468327034

450 Mysteryquy the Cudgeller (level 6, -10/47 HPs)
             Began as a Demonspawn Gladiator on May 4, 2023.
             Was a Believer of Ru.
             Killed by divine providence
             ... invoked by an orc priest
              (13 damage)
             ... on level 4 of the Dungeon.
             The game lasted 00:04:55 (3614 turns).

Mysteryquy the Cudgeller (Demonspawn Gladiator)     Turns: 3614, Time: 00:04:55

Health: -10/47     AC:  4    Str: 16    XL:     6   Next: 74%
Magic:  6/6        EV: 13    Int: 12    God:    Ru [**....]
Gold:   214        SH:  0    Dex: 14    Spells: 5/5 levels left

rFire   . . .        a - +0 flail
rCold   . . .        (shield unavailable)
rNeg    . . .        b - +0 leather armour
rPois   .            c - +0 helmet
rElec   .            (no cloak)
rCorr   .            (no gloves)
SInv    .            (no boots)
Will    .....        (no amulet)
Stlth   +            (ring unavailable)
HPRegen 0.27/turn    (no ring)
MPRegen 0.10/turn

%: no passive effects
@: lethally poisoned (-10 -> -20)
A: missing a hand, big brain 1, weakness stinger 1
a: Renounce Religion


You were on level 4 of the Dungeon.
You worshipped Ru.
Ru was pleased with you.
You visited 1 branch of the dungeon, and saw 4 of its levels.

You collected 214 gold pieces.

Inventory:

Hand Weapons
 a - a +0 flail (weapon)
Missiles
 d - 3 throwing nets (quivered)
 e - a javelin
Armour
 b - a +0 leather armour (worn)
 c - a +0 helmet (worn)
Jewellery
 s - a +6 ring of dexterity
 u - an amulet of regeneration
Wands
 t - a wand of polymorph (3)
Scrolls
 f - 5 scrolls of identify {unknown}
 j - a scroll of torment {unknown}
 k - 2 scrolls of amnesia {unknown}
 l - a scroll of teleportation {unknown}
 m - a scroll of noise {unknown}
 n - a scroll of fear {unknown}
 o - a scroll of vulnerability {unknown}
 q - a scroll of silence {unknown}
 r - a scroll of blinking {unknown}
Potions
 g - 2 potions of lignification {unknown}
 h - 3 potions of magic {unknown}
 i - 2 potions of heal wounds {unknown}
 p - a potion of flight {unknown}


   Skills:
 + Level 3.2 Fighting
 + Level 5.1 Maces & Flails
 + Level 1.8 Throwing
 + Level 2.5 Armour
 + Level 3.7 Dodging
 + Level 0.7 Stealth


You had 5 spell levels left.
You didn't know any spells.
Your spell library contained the following spells:

 Spells                   Type           Power      Damage    Failure   Level
 Cigotuvi's Dreadful Rot  Necr/Pois/Air  0%         N/A       52%         2
 Ignite Poison            Fire/Tmut/Pois 0%         N/A       75%         3
 Freezing Cloud           Conj/Ice/Air   0%         6-21      100%        5


Dungeon Overview and Level Annotations

Branches:
Dungeon (4/15)
 Temple: D:4-7

Altars:
Ru


Innate Abilities, Weirdness & Mutations

You are missing a hand.
You have an unusually large brain. (Int +2)
You have a small tail.


Message History

The orc attacks as you move away!
The orc hits you with a +0 whip of electrocution.
You sock the orc!
You kill the orc!
No target in view!
No target in view!
You hit the orc but do no damage. The orc misses you.
You completely miss the orc. The orc misses you.
You sock the orc!
You kill the orc!
The orc misses you.
You hit the orc but do no damage. You tail-slap the orc.
The orc is severely wounded.
The orc closely misses you.
You hit the orc but do no damage.
The orc is severely wounded.
You hit the orc.
You kill the orc!
The orc priest calls down the wrath of Beogh upon you.
Beogh smites you!
You are too injured to fight recklessly!
You are too injured to fight recklessly!
The orc priest begins to pray, but is stunned by your conviction!
The orc hits you with a +0 whip.
Items here: )) [ †.
You barely miss the orc priest. You tail-slap the orc priest.
The orc priest is lightly wounded.
The orc hits you with a +0 whip.
The orc priest hits you with a +1 flail of venom!
* * * LOW HITPOINT WARNING * * *
You are lethally poisoned!
You hit the orc priest but do no damage.
The orc priest is lightly wounded.
* * * LOW HITPOINT WARNING * * *
You feel very sick. The orc hits you with a +0 whip.
* * * LOW HITPOINT WARNING * * *
The orc priest invokes the aid of Beogh against you.
Beogh smites you!
You die...

.....#............#..# #.#
.....................# #.#
.............#...###.# #.#
##.#.........##............
##.#........###.####.####.#
##.##.###.#..........# #.#
....(.###.####†..###.#
##..............o....#
#########.####..@########.##
.....#....# ##.o........o.#
####.#.#### ############.#
#.#.# #.#.#######
#.......... ###.####### #)#
#.#


You could see an orc priest and an orc.

Vanquished Creatures
  A phantom (D:3)
  An orc priest (D:3)
  2 hounds
  Jessica (D:3)
  2 orc wizards (D:3)
  Natasha (thrice) (D:3)
  3 gnolls (D:4)
  3 adders
  A worm (D:3)
  2 dart slugs (D:4)
  9 orcs
  4 ball pythons
  12 endoplasms
  2 giant cockroaches (D:1)
  4 hobgoblins
  3 quokkas
  4 bats
  6 goblins
  9 kobolds
  6 rats
78 creatures vanquished.

Vanquished Creatures (others)
  2 plants (D:1)
  3 withered plants (D:1)
5 creatures vanquished.

Grand Total: 83 creatures vanquished

Notes
Turn   | Place    | Note
-------+----------+-------------------------------------------
     0 | D:1      | Mysteryquy the Demonspawn Gladiator began the quest for the
                  | Orb.
     0 | D:1      | Reached XP level 1. HP: 16/16 MP: 1/1
   152 | D:1      | Found a faded altar of an unknown god.
   165 | D:1      | Prayed at the altar of an unknown god.
   165 | D:1      | Became a worshipper of Ru the Awakened
   172 | D:1      | Gained mutation: You are missing a hand. [Ru sacrifice]
   172 | D:1      | Reached * piety under Ru
   172 | D:1      | Reached ** piety under Ru
   176 | D:1      | Gained mutation: You have a small tail. [demonic ancestry]
   176 | D:1      | Reached XP level 2. HP: 19/22 MP: 2/2
   326 | D:1      | Reached skill level 3 in Maces & Flails
  1213 | D:2      | Reached XP level 3. HP: 25/27 MP: 3/3
  1724 | D:3      | Noticed a phantom
  1744 | D:3      | Killed a phantom
  1745 | D:3      | Reached skill level 1 in Armour
  1745 | D:3      | Reached XP level 4. HP: 7/34 MP: 4/4
  1963 | D:3      | Noticed Jessica
  1986 | D:2      | Reached skill level 4 in Maces & Flails
  2293 | D:3      | Reached XP level 5. HP: 36/39 MP: 5/5
  2341 | D:3      | Killed Jessica
  2812 | D:3      | Gained mutation: You have an unusually large brain. (Int
                  | +2) [demonic ancestry]
  2812 | D:3      | Reached XP level 6. HP: 41/47 MP: 6/6
  2890 | D:4      | Noticed Natasha
  3012 | D:3      | Killed Natasha
  3027 | D:3      | Noticed Natasha
  3041 | D:3      | Killed Natasha
  3170 | D:3      | Noticed Natasha
  3182 | D:3      | Killed Natasha
  3202 | D:4      | Reached skill level 5 in Maces & Flails
  3614 | D:4      | Killed from afar by an orc priest

Illustrated notes

Levels and vault maps discovered:
D:1:      lemuel_arrival_funnel, layout_basic,
          shapermc_ecumenical_altar_flowoftime, kennysheep_pointless_box,
          minmay_pentomino_z2
D:2:      layout_rooms, uniq_crazy_yiuf_cottage
D:3:      layout_loops_ring, uniq_jessica
D:4:      layout_loops_ring, zin_scriptorium, uniq_natasha

Skill      XL: |  1  2  3  4  5  6 |
---------------+-------------------+-----
Dodging        | 3 |  3.7
Maces & Flails | 3 4 5 |  5.1
Armour         | 1 2 |  2.5
Fighting       | 3 |  3.2
Throwing       | |  1.8
Stealth        | |  0.7

Action                     |  1- 3 |  4- 6 || total
---------------------------+-------+-------++-------
  Melee: Flail             |    94 |   163 ||   257
         Punch             |     1 |       ||     1
         Tailslap          |     5 |    30 ||    35
 Invoke: Sacrifice a Hand  |     1 |       ||     1
   Stab: Sleeping          |     2 |       ||     2
         Distracted        |       |     2 ||     2
 Armour: Leather armour    |    34 |    49 ||    83
  Dodge: Dodged            |    58 |   120 ||   178
